 Dungeon Crawl Stone Soup version 0.14-a0-445-g388476e (webtiles) character file.

138 Daniel the Ruffian (level 4, -11/38 HPs)
             Began as a Minotaur Monk on Oct 30, 2013.
             Mangled by Crazy Yiuf
             ... wielding a +4,+3 quarterstaff of chaos
              (14 damage)
             ... on Level 2 of the Dungeon.
             The game lasted 00:03:59 (1207 turns).

Daniel the Ruffian (Minotaur Monk)                  Turns: 1207, Time: 00:04:01

HP -11/38        AC  3     Str 15      XL: 4   Next: 11%
MP   1/1         EV 13     Int  7      God:
Gold 63          SH  0     Dex 14      Spells:  0 memorised,  3 levels left

Res.Fire  : . . .   See Invis. : .     - Unarmed
Res.Cold  : . . .   Warding    : .   k - +0 leather armour
Life Prot.: . . .   Conserve   : .   (no shield)
Res.Poison: .       Res.Corr.  : .   (helmet restricted)
Res.Elec. : .       Clarity    : .   (no cloak)
Sust.Abil.: . .     Spirit.Shd : .   (no gloves)
Res.Mut.  : .       Stasis     : .   (no boots)
Res.Rott. : .       Flight     : .   (no amulet)
Saprovore : . . .                    (no ring)
                                     (no ring)

@: slowed, very slow, slightly resistant to hostile enchantments, unstealthy
A: retaliatory headbutt, horns 2
a: no special abilities


You were on level 2 of the Dungeon.
You were not hungry.

You visited 1 branch of the dungeon, and saw 2 of its levels.

You collected 63 gold pieces.

Inventory:

Hand weapons
 m - a cursed -1,+0 spear
Missiles
 l - 11 tomahawks
 r - 11 poisoned needles
 s - a throwing net (quivered)
Armour
 a - a +0 robe
 k - a +0 leather armour (worn)
Comestibles
 b - 3 bread rations
 n - a meat ration
Scrolls
 c - a scroll of blinking {unknown}
 d - 2 scrolls of amnesia {unknown}
 e - 3 scrolls of identify {unknown}
 h - 3 scrolls of teleportation {unknown}
 i - a scroll of recharging {unknown}
 j - a scroll of random uselessness {unknown}
 o - a scroll of fear {unknown}
 q - 2 scrolls of remove curse {unknown}
Jewellery
 t - an uncursed ring of fire
Potions
 f - a potion of restore abilities
 g - 2 potions of heal wounds {unknown}
 p - a potion of flight {unknown}


   Skills:
 + Level 4.3 Fighting
 + Level 4.0 Dodging
 - Level 1.5 Stealth
 * Level 5.3 Unarmed Combat


You had 3 spell levels left.
You didn't know any spells.

Dungeon Overview and Level Annotations

Branches:
Dungeon (2/27)

Altars:
Makhleb
Nemelex Xobeh
Okawaru
Trog

Annotations:
D:2 Crazy Yiuf


Innate Abilities, Weirdness & Mutations

You reflexively headbutt those who attack you in melee.
You have a pair of horns on your head.


Message History

Crazy Yiuf is lightly wounded.
You hit Crazy Yiuf but do no damage. You headbutt Crazy Yiuf.
Crazy Yiuf is moderately wounded.
Crazy Yiuf hits you with a quarterstaff of chaos!
You feel yourself slow down.
You hit Crazy Yiuf.
You headbutt Crazy Yiuf, but do no damage.
Crazy Yiuf is heavily wounded.
Crazy Yiuf hits you with a quarterstaff of chaos!
* * * LOW HITPOINT WARNING * * *
You are too injured to fight recklessly!
You are too injured to fight recklessly!
Drink which item? (? for menu, Esc to quit)
You feel refreshed.
It was a potion of restore abilities.
Crazy Yiuf closely misses you. You furiously retaliate!
You headbutt Crazy Yiuf!
Crazy Yiuf hits you with a quarterstaff of chaos.
* * * LOW HITPOINT WARNING * * *
You are electrocuted!
You die...

∙∙∙∙▒▒▒▒∙∙∙∙∙∙▒∙∙∙▒▒∙∙∙∙∙▒∙∙∙∙∙▒∙
▒▒▒∙∙∙∙∙∙∙∙∙∙∙∙∙∙∙▒▒∙∙∙∙∙▒∙∙∙∙∙▒∙
∙∙∙∙∙∙∙∙∙∙∙∙∙∙∙∙▒▒▒▒▒∙∙∙∙▒∙∙∙∙∙▒∙
∙∙∙∙∙∙∙▒▒▒▒▒▒▒▒▒▒ ▒▒▒∙∙▒∙∙∙∙∙∙∙
∙∙∙∙∙∙∙▒ ▒∙∙▒∙∙∙∙∙∙∙
▒∙∙∙∙∙∙▒▒▒▒▒▒▒ ▒∙∙▒∙∙∙∙∙∙∙
▒∙∙∙∙∙∙∙∙∙∙▒∙▒▒▒ ▒▒▒▒ ▒▒▒∙∙∙∙∙
▒∙∙∙∙∙∙∙∙∙∙∙▒∙∙▒▒∙∙∙▒ ▒∙∙∙∙∙
▒▒▒▒▒∙∙∙∙f∙▒▒▒▒∙@g∙∙▒ ▒▒▒▒▒∙
▒▒∙∙∙f▒▒ ▒▒▒∙∙)▒ ▒∙ ▒▒▒▒▒▒ ▒▒▒▒
▒∙ ▒▒


You could see Crazy Yiuf.

Vanquished Creatures
  3 adders (D:2)
  A worm (D:2)
  An ooze (D:1)
  8 bats
  3 giant cockroaches
  4 hobgoblins (D:1)
  4 giant newts
  7 goblins (D:1)
  A jackal (D:2)
  4 kobolds
  8 rats
44 creatures vanquished.

Notes
Turn   | Place    | Note
--------------------------------------------------------------
     0 | D:1      | Daniel, the Minotaur Monk, began the quest for the Orb.
     0 | D:1      | Reached XP level 1. HP: 17/17 MP: 0/0
   371 | D:1      | Found a sparkling altar of Nemelex Xobeh.
   380 | D:1      | Reached XP level 2. HP: 22/24 MP: 0/0
   818 | D:1      | Reached XP level 3. HP: 21/30 MP: 1/1
   923 | D:2      | Found a bloodstained altar of Trog.
   923 | D:2      | Found a burning altar of Makhleb.
   924 | D:2      | Found an iron altar of Okawaru.
   981 | D:2      | Reached skill level 5 in Unarmed Combat
  1166 | D:2      | Reached XP level 4. HP: 36/38 MP: 1/1
  1198 | D:2      | Noticed Crazy Yiuf
  1207 | D:2      | Mangled by Crazy Yiuf

Action                   |  1- 3 |  4- 6 || total
-------------------------+-------+-------++-------
Melee: Unarmed           |   115 |     4 ||   119
Throw: Throwing net      |     1 |       ||     1
  Use: Potion            |       |     1 ||     1
 Stab: Sleeping          |     1 |       ||     1
